TOP OF THE 1ST |
Seattle (APP) Mariners batting - Pitching for Pulaski Yankees : RHP Zack Young
|
Pitching: RHP Zack Young
|
|
Batting: RHB Chris Van Niel
|
0-0: Ball 1-0: Ball 2-0: Foul Ball, location: 2F 2-1: Swinging Strike 2-2: Ball 3-2: Base on Balls
|
Batting: RHB Nick Edmunds
|
0-0: Foul Ball, location: 2F 0-1: Ball 1-1: Called Strike 1-2: Reached on error, E1 (Groundball, 34S, EV 70.6 MPH) Chris Van Niel to second
|
Batting: SHB Carlos Luna
|
0-0: Ball 1-0: Ball 2-0: Foul Ball, location: 2F 2-1: Fly out, F4 (Line Drive, 34, EV 75.6 MPH)
|
Batting: LHB Chang Huie
|
0-0: Ball 1-0: Called Strike Chris Van Niel steals 3rd, throwing error, E2 Chris Van Niel scores Nick Edmunds to third 1-1: Ball 2-1: Foul Ball, location: 2F 2-2: Foul Ball, location: 2F 2-2: Foul Ball, location: 2F 2-2: Ball 3-2: Ground out U3 (Groundball, 23, EV 81.9 MPH)
|
Batting: RHB Nick Ellis
|
0-0: Ball 1-0: Ball Wild Pitch! Nick Edmunds scores 2-0: Ground out 6-3 (Groundball, 6, EV 97.5 MPH)
|
Top of the 1st over - 2 runs, 0 hits, 2 errors, 0 left on base; Seattle (APP) 2 - Pulaski 0 |
BOTTOM OF THE 1ST |
Pulaski Yankees batting - Pitching for Seattle (APP) Mariners : RHP Mario Mata
|
Pitching: RHP Mario Mata
|
|
Batting: LHB Carlos Palau
|
0-0: Called Strike 0-1: Ball 1-1: Foul Ball, location: 2F 1-2: Ball 2-2: SINGLE (Line Drive, 78S, EV 98.8 MPH)
|
Batting: LHB Justin Short
|
0-0: Grounds into double play, 3-6-1 (Groundball, 3, EV 102.5 MPH)
|
Batting: RHB Yasuoka Tsuda
|
0-0: Ball 1-0: Ball 2-0: SINGLE (Flyball, 8RS, EV 91.2 MPH)
|
Batting: RHB Ken Stair
|
0-0: Called Strike 0-1: Ball 1-1: Ball 2-1: Ball 3-1: Base on Balls Yasuoka Tsuda to second
|
Batting: RHB Michael Patterson
|
0-0: Ball 1-0: Ball 2-0: Ball 3-0: Called Strike 3-1: Base on Balls Yasuoka Tsuda to third Ken Stair to second
|
Batting: SHB Dylan Best
|
0-0: Foul Ball, location: 2F 0-1: Ball 1-1: DOUBLE (Line Drive, 9LM, EV 107.5 MPH) Yasuoka Tsuda scores Ken Stair scores Michael Patterson to third Runner from 3rd tries for Home, SAFE, throw by RF to home
|
Batting: RHB Paul Ngumi
|
0-0: Fly out, F9 (Flyball, 9LS, EV 87.5 MPH)
|
Bottom of the 1st over - 3 runs, 3 hits, 0 errors, 1 left on base; Seattle (APP) 2 - Pulaski 3 |
TOP OF THE 2ND |
Seattle (APP) Mariners batting - Pitching for Pulaski Yankees : RHP Zack Young
|
Batting: RHB Carlton McDonald
|
0-0: Ground out 4-3 (Groundball, 4, EV 79.4 MPH)
|
Batting: RHB Joaquin Salazar
|
0-0: Called Strike 0-1: Ball 1-1: Ground out 5-3 (Groundball, 56, EV 88.1 MPH)
|
Batting: RHB Ziven Badersky
|
0-0: Ball 1-0: Swinging Strike 1-1: Ball 2-1: Swinging Strike 2-2: SINGLE (Groundball, 56D, EV 96.2 MPH)
|
Batting: RHB Josh Carpenter
|
0-0: Called Strike 0-1: Ball 1-1: Foul Ball, location: 2F 1-2: Ball 2-2: Ground out 4-3 (Groundball, 4, EV 101.9 MPH)
|
Top of the 2nd over - 0 runs, 1 hit, 0 errors, 1 left on base; Seattle (APP) 2 - Pulaski 3 |
BOTTOM OF THE 2ND |
Pulaski Yankees batting - Pitching for Seattle (APP) Mariners : RHP Mario Mata
|
Batting: LHB Troy Jones
|
0-0: Ball 1-0: DOUBLE (Line Drive, 78XD, EV 98.1 MPH)
|
Batting: RHB Mustafa bin Gamali
|
0-0: Called Strike 0-1: Called Strike 0-2: Foul Ball, location: 2F 0-2: Foul Ball, location: 2F 0-2: Ground out 1-3 (Groundball, 25, EV 71.2 MPH)
|
Batting: LHB Carlos Palau
|
0-0: Ground out 6-3 (Groundball, 6, EV 80.0 MPH)
|
Batting: LHB Justin Short
|
0-0: Called Strike 0-1: Fly out, F9 (Flyball, 9LS, EV 81.2 MPH)
|
Bottom of the 2nd over - 0 runs, 1 hit, 0 errors, 1 left on base; Seattle (APP) 2 - Pulaski 3 |
TOP OF THE 3RD |
Seattle (APP) Mariners batting - Pitching for Pulaski Yankees : RHP Zack Young
|
Batting: RHB Chris Van Niel
|
0-0: SINGLE (Groundball, 6D, EV 111.9 MPH)
|
Batting: RHB Nick Edmunds
|
0-0: Called Strike Chris Van Niel steals 2nd base 0-1: Called Strike 0-2: Foul Ball, location: 2F 0-2: Fly out, F8 (Flyball, 8RM, EV 93.1 MPH)
|
Batting: SHB Carlos Luna
|
0-0: Foul Ball, location: 2F 0-1: SINGLE (Groundball, 4MD, EV 98.8 MPH) Chris Van Niel to third Runner from 3rd tries for Home, SAFE, throw by CF to home
|
Batting: LHB Chang Huie
|
0-0: Foul Ball, location: 2F 0-1: Swinging Strike 0-2: Foul Ball, location: 2F 0-2: Ball 1-2: Fly out, F3 (Popup, 3L, EV 55.6 MPH)
|
Batting: RHB Nick Ellis
|
0-0: Ball 1-0: Foul Ball, location: 2F 1-1: Ball 2-1: Fly out, F7 (Flyball, 7LM, EV 82.5 MPH)
|
Top of the 3rd over - 1 run, 2 hits, 0 errors, 1 left on base; Seattle (APP) 3 - Pulaski 3 |
BOTTOM OF THE 3RD |
Pulaski Yankees batting - Pitching for Seattle (APP) Mariners : RHP Mario Mata
|
Batting: RHB Yasuoka Tsuda
|
0-0: Hit by Pitch
|
Batting: RHB Ken Stair
|
0-0: Ball 1-0: Foul Ball, location: 2F 1-1: Ball 2-1: Foul Ball, location: 2F 2-2: Foul Ball, location: 2F 2-2: Grounds into double play, 5-4-3 (Groundball, 56S, EV 86.9 MPH)
|
Batting: RHB Michael Patterson
|
0-0: Foul Ball, location: 2F 0-1: Ground out 4-3 (Groundball, 4, EV 96.9 MPH)
|
Bottom of the 3rd over - 0 runs, 0 hits, 0 errors, 0 left on base; Seattle (APP) 3 - Pulaski 3 |
TOP OF THE 4TH |
Seattle (APP) Mariners batting - Pitching for Pulaski Yankees : RHP Zack Young
|
Batting: RHB Carlton McDonald
|
0-0: Called Strike 0-1: Ball 1-1: Ball 2-1: SINGLE (Groundball, 56, EV 102.5 MPH)
|
Pitching: LHP Jordan Medina
|
|
Batting: RHB Joaquin Salazar
|
0-0: Called Strike 0-1: SINGLE (Groundball, 6MS, EV 71.9 MPH) (infield hit) Carlton McDonald to second
|
Batting: RHB Ziven Badersky
|
0-0: Foul Ball, location: 2F 0-1: Foul Ball, location: 2F 0-2: Foul Ball, location: 2F 0-2: Fielders Choice at 2nd, 6-4 (Groundball, 6S, EV 88.1 MPH) Carlton McDonald to third
|
Batting: RHB Josh Carpenter
|
0-0: Ball 1-0: Ball 2-0: Called Strike 2-1: Foul Ball, location: 2F 2-2: Foul Ball, location: 2F 2-2: Ball 3-2: Strikes out swinging
|
Batting: RHB Chris Van Niel
|
0-0: Ball 1-0: Foul Ball, location: 2F 1-1: Ball 2-1: Ball 3-1: Fielders Choice at 2nd, 6-4 (Groundball, 6, EV 89.4 MPH)
|
Top of the 4th over - 0 runs, 2 hits, 0 errors, 2 left on base; Seattle (APP) 3 - Pulaski 3 |
BOTTOM OF THE 4TH |
Pulaski Yankees batting - Pitching for Seattle (APP) Mariners : RHP Mario Mata
|
Batting: SHB Dylan Best
|
0-0: Foul Ball, location: 2F 0-1: Foul Ball, location: 2F 0-2: Fly out, F7 (Flyball, 7D, EV 93.8 MPH)
|
Batting: RHB Paul Ngumi
|
0-0: Ball 1-0: Called Strike 1-1: Ball 2-1: Fly out, F6 (Popup, 6M, EV 71.9 MPH)
|
Batting: LHB Troy Jones
|
0-0: Ball 1-0: Called Strike 1-1: Ground out 4-3 (Groundball, 4, EV 104.4 MPH)
|
Bottom of the 4th over - 0 runs, 0 hits, 0 errors, 0 left on base; Seattle (APP) 3 - Pulaski 3 |
TOP OF THE 5TH |
Seattle (APP) Mariners batting - Pitching for Pulaski Yankees : LHP Jordan Medina
|
Batting: RHB Nick Edmunds
|
0-0: SINGLE (Line Drive, 56D, EV 96.9 MPH)
|
Batting: SHB Carlos Luna
|
0-0: Ball 1-0: Called Strike 1-1: Called Strike 1-2: Strikes out swinging
|
Batting: LHB Chang Huie
|
0-0: Ball 1-0: Ball 2-0: Ball 3-0: Base on Balls Nick Edmunds to second
|
Batting: RHB Nick Ellis
|
0-0: Ball 1-0: SINGLE (Groundball, 56D, EV 95.0 MPH) Nick Edmunds to third Chang Huie to second Runner from 3rd tries for Home, SAFE, throw by LF to home
|
Batting: RHB Carlton McDonald
|
0-0: Ball 1-0: Foul Ball, location: 2F 1-1: Foul Ball, location: 2F 1-2: SINGLE (Line Drive, 78S, EV 97.5 MPH) Chang Huie to third Nick Ellis to second
|
Batting: RHB Joaquin Salazar
|
0-0: Foul Ball, location: 2F 0-1: Foul Ball, location: 2F 0-2: Strikes out swinging
|
Batting: RHB Ziven Badersky
|
0-0: Called Strike 0-1: Ball 1-1: Swinging Strike 1-2: Foul Ball, location: 2F 1-2: Strikes out swinging
|
Top of the 5th over - 1 run, 3 hits, 0 errors, 3 left on base; Seattle (APP) 4 - Pulaski 3 |
BOTTOM OF THE 5TH |
Pulaski Yankees batting - Pitching for Seattle (APP) Mariners : RHP Mario Mata
|
Batting: RHB Mustafa bin Gamali
|
0-0: SINGLE (Flyball, 5D, EV 90.6 MPH)
|
Batting: LHB Carlos Palau
|
0-0: Ball 1-0: Ball 2-0: Ball 3-0: Called Strike 3-1: Ground out U3 (Groundball, 3, EV 103.8 MPH) Mustafa bin Gamali to second
|
Batting: LHB Justin Short
|
0-0: Ball 1-0: Ball 2-0: Called Strike 2-1: Ball 3-1: Base on Balls
|
Batting: RHB Yasuoka Tsuda
|
0-0: DOUBLE (Flyball, 9LM, EV 109.4 MPH) Mustafa bin Gamali scores Justin Short to third
|
Batting: RHB Ken Stair
|
0-0: Ball 1-0: Ball 2-0: Ball 3-0: Base on Balls
|
Batting: RHB Michael Patterson
|
0-0: Called Strike 0-1: Called Strike 0-2: Foul Ball, location: 2F 0-2: Ball 1-2: Ball 2-2: Fly out, F8 (Flyball, 8LD, EV 100.0 MPH) Runner from 3rd tags up, OUT at HOME! 8-2
|
Bottom of the 5th over - 1 run, 2 hits, 0 errors, 2 left on base; Seattle (APP) 4 - Pulaski 4 |
TOP OF THE 6TH |
Seattle (APP) Mariners batting - Pitching for Pulaski Yankees : LHP Jordan Medina
|
Batting: RHB Josh Carpenter
|
0-0: Ball 1-0: Swinging Strike 1-1: Foul Ball, location: 2F 1-2: SINGLE (Line Drive, 89M, EV 96.2 MPH)
|
Batting: RHB Chris Van Niel
|
0-0: Ball Passed Ball! Josh Carpenter to second 1-0: 2-RUN HOME RUN (Flyball, 89XD, EV 111.2 MPH) (Inside the Park)
|
Pitching: LHP Matt Cusatis
|
|
Batting: RHB Nick Edmunds
|
0-0: Swinging Strike 0-1: Ball 1-1: Ball 2-1: Ball 3-1: Base on Balls
|
Batting: SHB Carlos Luna
|
0-0: Ball 1-0: Foul Ball, location: 2F 1-1: Ball 2-1: Ball 3-1: Grounds into double play, 5-4-3 (Groundball, 5, EV 91.2 MPH)
|
Batting: LHB Chang Huie
|
0-0: Called Strike 0-1: Ball 1-1: Ball 2-1: Swinging Strike 2-2: Ball 3-2: Base on Balls
|
Batting: RHB Nick Ellis
|
Pickoff Play to 1st, Runner tries for 2nd, OUT after rundown.
|
Top of the 6th over - 2 runs, 2 hits, 0 errors, 0 left on base; Seattle (APP) 6 - Pulaski 4 |
BOTTOM OF THE 6TH |
Pulaski Yankees batting - Pitching for Seattle (APP) Mariners : RHP Mario Mata
|
Batting: SHB Dylan Best
|
0-0: Fly out, F3 (Popup, 34S, EV 79.4 MPH)
|
Batting: RHB Paul Ngumi
|
0-0: Ball 1-0: Ball 2-0: Foul Ball, location: 2F 2-1: Ground out 4-3 (Groundball, 4M, EV 92.5 MPH)
|
Batting: LHB Troy Jones
|
0-0: Ball 1-0: Swinging Strike 1-1: Fly out, F7 (Flyball, 7S, EV 88.1 MPH)
|
Bottom of the 6th over - 0 runs, 0 hits, 0 errors, 0 left on base; Seattle (APP) 6 - Pulaski 4 |
TOP OF THE 7TH |
Seattle (APP) Mariners batting - Pitching for Pulaski Yankees : LHP Matt Cusatis
|
Batting: RHB Nick Ellis
|
0-0: Called Strike 0-1: Ball 1-1: Foul Ball, location: 2F 1-2: Ball 2-2: SOLO HOME RUN (Flyball, 78XD, EV 99.4 MPH), Distance : 413 ft
|
Batting: RHB Carlton McDonald
|
0-0: Ground out 3-1 (Groundball, 13, EV 86.9 MPH)
|
Batting: RHB Joaquin Salazar
|
0-0: Swinging Strike 0-1: SINGLE (Groundball, 4MS, EV 66.9 MPH) (infield hit)
|
Batting: RHB Ziven Badersky
|
0-0: Called Strike Joaquin Salazar steals 2nd base 0-1: Foul Ball, location: 2F 0-2: Strikes out swinging
|
Batting: RHB Josh Carpenter
|
0-0: Swinging Strike 0-1: Ground out 6-3 (Groundball, 6, EV 98.8 MPH)
|
Top of the 7th over - 1 run, 2 hits, 0 errors, 1 left on base; Seattle (APP) 7 - Pulaski 4 |
BOTTOM OF THE 7TH |
Pulaski Yankees batting - Pitching for Seattle (APP) Mariners : RHP Mario Mata
|
Pitching: LHP Will Creelman
|
|
Batting: RHB Mustafa bin Gamali
|
0-0: Ball 1-0: Reached on error, E5 (Groundball, 56, EV 88.1 MPH)
|
Batting: LHB Carlos Palau
|
0-0: Ball 1-0: Ball 2-0: Ball 3-0: Base on Balls
|
Batting: LHB Justin Short
|
0-0: Called Strike 0-1: Fielders Choice at 2nd, 3-6 (Groundball, 3S, EV 92.5 MPH) Mustafa bin Gamali to third
|
Batting: RHB Yasuoka Tsuda
|
0-0: Ball 1-0: Ball 2-0: Foul Ball, location: 2F 2-1: Ball 3-1: Base on Balls Justin Short to second
|
Batting: RHB Ken Stair
|
0-0: Ball 1-0: Foul Ball, location: 2F 1-1: DOUBLE (Line Drive, 9LS, EV 96.2 MPH) Mustafa bin Gamali scores Justin Short scores Yasuoka Tsuda to third
|
Batting: RHB Michael Patterson
|
0-0: Ball 1-0: Ball 2-0: Ball 3-0: Called Strike 3-1: Base on Balls
|
Batting: SHB Dylan Best
|
0-0: Called Strike 0-1: Foul Ball, location: 2F 0-2: Foul Ball, location: 2F 0-2: Ball 1-2: Fly out, F7 (Flyball, 78M, EV 78.8 MPH)
|
Pitching: RHP Frank Cabrera
|
|
Batting: RHB Paul Ngumi
|
0-0: Ball 1-0: Called Strike 1-1: Foul Ball, location: 2F 1-2: Ball 2-2: Foul Ball, location: 2F 2-2: Foul Ball, location: 2F 2-2: Ball 3-2: Ground out 4-3 (Groundball, 4, EV 99.4 MPH)
|
Bottom of the 7th over - 2 runs, 1 hit, 1 error, 3 left on base; Seattle (APP) 7 - Pulaski 6 |
TOP OF THE 8TH |
Seattle (APP) Mariners batting - Pitching for Pulaski Yankees : LHP Matt Cusatis
|
Batting: RHB Chris Van Niel
|
0-0: Ball 1-0: Foul Ball, location: 2F 1-1: Ground out 4-3 (Groundball, 4, EV 99.4 MPH)
|
Batting: RHB Nick Edmunds
|
0-0: Ball 1-0: Foul Ball, location: 2F 1-1: Foul Ball, location: 2F 1-2: SINGLE (Groundball, 4MD, EV 103.8 MPH)
|
Pitching: RHP Eric Patrick
|
|
Batting: SHB Carlos Luna
|
0-0: Ball 1-0: SINGLE (Flyball, 6D, EV 87.5 MPH) Nick Edmunds to second
|
Batting: LHB Chang Huie
|
0-0: Foul Ball, location: 2F 0-1: Foul Ball, location: 2F 0-2: Grounds into double play, 4-6-3 (Groundball, 4, EV 101.2 MPH)
|
Top of the 8th over - 0 runs, 2 hits, 0 errors, 1 left on base; Seattle (APP) 7 - Pulaski 6 |
BOTTOM OF THE 8TH |
Pulaski Yankees batting - Pitching for Seattle (APP) Mariners : RHP Frank Cabrera
|
Now at 3B: Chang Huie
|
|
Now in LF: Prince Nunley
|
|
Batting: LHB Troy Jones
|
0-0: Called Strike 0-1: TRIPLE (Flyball, 89XD, EV 97.5 MPH)
|
Batting: RHB Mustafa bin Gamali
|
0-0: Foul Ball, location: 2F 0-1: Swinging Strike 0-2: Strikes out swinging
|
Batting: LHB Carlos Palau
|
0-0: Ball 1-0: SINGLE (Groundball, 34D, EV 102.5 MPH) Troy Jones scores
|
Batting: LHB Justin Short
|
0-0: Ball 1-0: Foul Ball, location: 2F 1-1: Foul Ball, location: 2F 1-2: Ball 2-2: Foul Ball, location: 2F 2-2: Foul Ball, location: 2F 2-2: Ground out 4-3 (Groundball, 34, EV 100.6 MPH) Carlos Palau to second
|
Batting: RHB Yasuoka Tsuda
|
0-0: Called Strike 0-1: Ball 1-1: Swinging Strike 1-2: Ground out 6-3 (Groundball, 6D, EV 98.1 MPH)
|
Bottom of the 8th over - 1 run, 2 hits, 0 errors, 1 left on base; Seattle (APP) 7 - Pulaski 7 |
TOP OF THE 9TH |
Seattle (APP) Mariners batting - Pitching for Pulaski Yankees : RHP Eric Patrick
|
Batting: LHB Prince Nunley
|
0-0: Ball 1-0: Ground out 4-3 (Groundball, 4, EV 101.9 MPH)
|
Batting: RHB Carlton McDonald
|
0-0: Ball 1-0: Ball 2-0: Called Strike 2-1: SINGLE (Line Drive, 78M, EV 98.1 MPH)
|
Pinch Hitting: RHB John Vasquez
|
0-0: Foul Ball, location: 2F 0-1: Ball 1-1: Called Strike 1-2: Foul Ball, location: 2F 1-2: Foul Ball, location: 2F 1-2: Foul Ball, location: 2F 1-2: Ball 2-2: Foul Ball, location: 2F 2-2: Ball 3-2: TRIPLE (Flyball, 89XD, EV 101.9 MPH) Carlton McDonald scores
|
Pitching: RHP Chris Bryant
|
|
Batting: RHB Ziven Badersky
|
0-0: Swinging Strike 0-1: SINGLE (Groundball, 4, EV 100.0 MPH) (infield hit) John Vasquez scores
|
Batting: RHB Josh Carpenter
|
0-0: Called Strike 0-1: Ball Ziven Badersky steals 2nd base 1-1: Ball 2-1: Foul Ball, location: 2F 2-2: Strikes out looking
|
Batting: RHB Chris Van Niel
|
0-0: Called Strike 0-1: Foul Ball, location: 2F 0-2: Ball 1-2: SINGLE (Line Drive, 56D, EV 96.2 MPH) Ziven Badersky to third Runner from 3rd tries for Home, SAFE, throw by LF to home
|
Batting: RHB Nick Edmunds
|
0-0: Called Strike 0-1: Called Strike 0-2: Ball Chris Van Niel steals 2nd base 1-2: Foul Ball, location: 2F 1-2: Foul Ball, location: 2F 1-2: Ball 2-2: SINGLE (Line Drive, 56, EV 98.8 MPH) Chris Van Niel to third Runner from 3rd tries for Home, SAFE, throw by LF to home
|
Batting: SHB Carlos Luna
|
0-0: Ball 1-0: Ball 2-0: Called Strike 2-1: SINGLE (Groundball, 4MD, EV 100.0 MPH) Nick Edmunds to second Runner from 2nd tries for 3rd, SAFE, throw by CF made to third
|
Batting: LHB Chang Huie
|
0-0: Called Strike 0-1: Ball 1-1: Ball 2-1: Fly out, F6 (Line Drive, 6, EV 66.2 MPH)
|
Top of the 9th over - 4 runs, 6 hits, 0 errors, 2 left on base; Seattle (APP) 11 - Pulaski 7 |
BOTTOM OF THE 9TH |
Pulaski Yankees batting - Pitching for Seattle (APP) Mariners : RHP Frank Cabrera
|
Now in CF: John Vasquez
|
|
Batting: RHB Ken Stair
|
0-0: Ball 1-0: Swinging Strike 1-1: Ball 2-1: Swinging Strike 2-2: SOLO HOME RUN (Flyball, 7LD, EV 93.1 MPH), Distance : 344 ft
|
Pitching: RHP Ruben Mendoza
|
|
Batting: RHB Michael Patterson
|
0-0: Ball 1-0: Ball 2-0: Fly out, F7 (Line Drive, 78M, EV 88.1 MPH)
|
Batting: SHB Dylan Best
|
0-0: Called Strike 0-1: Ball 1-1: Ball 2-1: Foul Ball, location: 2F 2-2: Ground out U3 (Groundball, 3L, EV 88.8 MPH)
|
Batting: RHB Paul Ngumi
|
0-0: Called Strike 0-1: Ball 1-1: Called Strike 1-2: Foul Ball, location: 2F 1-2: Ball 2-2: Ball 3-2: Strikes out looking
|
Bottom of the 9th over - 1 run, 1 hit, 0 errors, 0 left on base; Seattle (APP) 11 - Pulaski 8 |
|